3A
GRIM REAPERS @ MYRTLE BEACH SEAHAWKS
08/30/2034
 
TOP OF THE 1ST
Grim Reapers batting - Pitching for Myrtle Beach Seahawks : RHP Leon Alfons
Pitching: RHP Leon Alfons
Batting: RHB Tsuneari Hirano 0-0: Called Strike
0-1: Ball
1-1: Ball
2-1: Ball
3-1: Foul Ball, location: 2F
3-2: Fly out, F8 (Flyball, 8RS)
Batting: SHB Tekkan Hayagawa 0-0: Ball
1-0: Ground out 4-3 (Groundball, 4)
Batting: RHB Bearooz Yacoobi 0-0: Ball
1-0: SOLO HOME RUN (Flyball, 7D), Distance : 426 ft
Batting: LHB Semo Hoaloha 0-0: Called Strike
0-1: Ball
1-1: SINGLE (Groundball, 4MD)
Batting: RHB Jaxton Goleta 0-0: Fly out, F2 (Popup, 23F)
Top of the 1st over - 1 run, 2 hits, 0 errors, 1 left on base; Grim 1 - Myrtle Beach 0
BOTTOM OF THE 1ST
Myrtle Beach Seahawks batting - Pitching for Grim Reapers : RHP Al Turner
Pitching: RHP Al Turner
Batting: RHB Lucas Gallant 0-0: Ball
1-0: Fly out, F7 (Flyball, 7LM)
Batting: RHB Al Ellis 0-0: Ball
1-0: Ground out 4-3 (Groundball, 4)
Batting: LHB Anastasio Flores 0-0: Swinging Strike
0-1: Ball
1-1: Swinging Strike
1-2: Ball
2-2: Strikes out swinging
Bottom of the 1st over - 0 runs, 0 hits, 0 errors, 0 left on base; Grim 1 - Myrtle Beach 0
TOP OF THE 2ND
Grim Reapers batting - Pitching for Myrtle Beach Seahawks : RHP Leon Alfons
Batting: SHB Takechi Yamashita 0-0: Fly out, F4 (Popup, 4D)
Batting: RHB Joe Rodgers 0-0: Called Strike
0-1: Ball
1-1: Foul Ball, location: 2F
1-2: Ground out 4-3 (Groundball, 4)
Batting: RHB Chi-eun Mun 0-0: Called Strike
0-1: Ball
1-1: Foul Ball, location: 2F
1-2: Ball
2-2: Ball
3-2: Strikes out swinging
Top of the 2nd over - 0 runs, 0 hits, 0 errors, 0 left on base; Grim 1 - Myrtle Beach 0
BOTTOM OF THE 2ND
Myrtle Beach Seahawks batting - Pitching for Grim Reapers : RHP Al Turner
Batting: LHB Gregory Clement 0-0: Ball
1-0: Swinging Strike
1-1: Swinging Strike
1-2: Strikes out looking
Batting: RHB César Salvatierra 0-0: Ball
1-0: Called Strike
1-1: Foul Ball, location: 2F
1-2: Foul Ball, location: 2F
1-2: Ball
2-2: Foul Ball, location: 2F
2-2: Ground out 3-1 (Groundball, 3D)
Batting: RHB Miguel Rey 0-0: Ball
1-0: Ball
2-0: Ball
3-0: Base on Balls
Batting: RHB Miguel Pacheco 0-0: Ball
1-0: Called Strike
1-1: Fly out, F8 (Flyball, 8RD)
Bottom of the 2nd over - 0 runs, 0 hits, 0 errors, 1 left on base; Grim 1 - Myrtle Beach 0
TOP OF THE 3RD
Grim Reapers batting - Pitching for Myrtle Beach Seahawks : RHP Leon Alfons
Batting: RHB Marvin Strickland 0-0: Fly out, F7 (Flyball, 7D)
Batting: RHB Tsuneari Hirano 0-0: Called Strike
0-1: Foul Ball, location: 2F
0-2: SINGLE (Groundball, 56D)
Batting: SHB Tekkan Hayagawa 0-0: Called Strike
Tsuneari Hirano steals 2nd base
0-1: Ball
1-1: Ball
2-1: Foul Ball, location: 2F
2-2: Foul Ball, location: 2F
2-2: Foul Ball, location: 2F
2-2: Strikes out looking
Batting: RHB Bearooz Yacoobi 0-0: Called Strike
0-1: Foul Ball, location: 2F
0-2: Foul Ball, location: 2F
0-2: Ball
1-2: Ball
2-2: Strikes out swinging
Top of the 3rd over - 0 runs, 1 hit, 0 errors, 1 left on base; Grim 1 - Myrtle Beach 0
BOTTOM OF THE 3RD
Myrtle Beach Seahawks batting - Pitching for Grim Reapers : RHP Al Turner
Batting: RHB Kamaaluddeen Kohli 0-0: Ball
1-0: Foul Ball, location: 2F
1-1: Foul Ball, location: 2F
1-2: Ball
2-2: DOUBLE (Flyball, 7LD)
Batting: LHB Sandro Goro 0-0: Ground out 6-3 (Groundball, 6)
Batting: RHB Lucas Gallant 0-0: Ball
1-0: Ball
2-0: Ball
3-0: Base on Balls
Batting: RHB Al Ellis 0-0: Ball
1-0: Ball
2-0: Called Strike
2-1: Foul Ball, location: 2F
2-2: Foul Ball, location: 2F
2-2: Ball
3-2: Strikes out swinging
Batting: LHB Anastasio Flores 0-0: Ball
1-0: Ball
2-0: Called Strike
2-1: SINGLE (Groundball, 6MD)
Kamaaluddeen Kohli to third
Lucas Gallant to second
Runner from 3rd tries for Home, SAFE, no throw
Batting: LHB Gregory Clement 0-0: Called Strike
0-1: Foul Ball, location: 2F
0-2: TRIPLE (Flyball, 78XD)
Lucas Gallant scores
Anastasio Flores scores
Batting: RHB César Salvatierra 0-0: Called Strike
0-1: Foul Ball, location: 2F
0-2: Ball
1-2: Strikes out swinging
Bottom of the 3rd over - 3 runs, 3 hits, 0 errors, 1 left on base; Grim 1 - Myrtle Beach 3
TOP OF THE 4TH
Grim Reapers batting - Pitching for Myrtle Beach Seahawks : RHP Leon Alfons
Batting: LHB Semo Hoaloha 0-0: Ball
1-0: Ball
2-0: Called Strike
2-1: Ball
3-1: Foul Ball, location: 2F
3-2: Strikes out swinging
Batting: RHB Jaxton Goleta 0-0: Called Strike
0-1: Called Strike
0-2: Strikes out looking
Batting: SHB Takechi Yamashita 0-0: Called Strike
0-1: Ground out 4-3 (Groundball, 4)
Top of the 4th over - 0 runs, 0 hits, 0 errors, 0 left on base; Grim 1 - Myrtle Beach 3
BOTTOM OF THE 4TH
Myrtle Beach Seahawks batting - Pitching for Grim Reapers : RHP Al Turner
Batting: RHB Miguel Rey 0-0: Ball
1-0: Hit by Pitch
Batting: RHB Miguel Pacheco 0-0: Swinging Strike
0-1: Swinging Strike
0-2: Grounds into double play, 6-4-3 (Groundball, 56)
Batting: RHB Kamaaluddeen Kohli 0-0: Swinging Strike
0-1: Swinging Strike
0-2: Ball
1-2: Ground out 4-3 (Groundball, 4M)
Bottom of the 4th over - 0 runs, 0 hits, 0 errors, 0 left on base; Grim 1 - Myrtle Beach 3
TOP OF THE 5TH
Grim Reapers batting - Pitching for Myrtle Beach Seahawks : RHP Leon Alfons
Batting: RHB Joe Rodgers 0-0: Called Strike
0-1: Swinging Strike
0-2: SINGLE (Line Drive, 7S)
Batting: RHB Chi-eun Mun 0-0: Ball
1-0: Ground out 5-3 (Groundball, 56S)
Joe Rodgers to second
Batting: RHB Marvin Strickland 0-0: Foul Ball, location: 2F
0-1: Foul Ball, location: 2F
0-2: Foul Ball, location: 2F
0-2: Ball
1-2: Strikes out looking
Batting: RHB Tsuneari Hirano 0-0: Called Strike
0-1: Fly out, F7 (Flyball, 7S)
Top of the 5th over - 0 runs, 1 hit, 0 errors, 1 left on base; Grim 1 - Myrtle Beach 3
BOTTOM OF THE 5TH
Myrtle Beach Seahawks batting - Pitching for Grim Reapers : RHP Al Turner
Batting: LHB Sandro Goro 0-0: Called Strike
0-1: Ball
1-1: Ball
2-1: Ball
3-1: Called Strike
3-2: Strikes out looking
Batting: RHB Lucas Gallant 0-0: Ball
1-0: Foul Ball, location: 2F
1-1: Fly out, F7 (Flyball, 7S)
Batting: RHB Al Ellis 0-0: Ball
1-0: Called Strike
1-1: Swinging Strike
1-2: Ball
2-2: Foul Ball, location: 2F
2-2: SINGLE (Groundball, 56D)
Batting: LHB Anastasio Flores 0-0: Called Strike
0-1: Called Strike
0-2: Ball
1-2: Strikes out swinging
Bottom of the 5th over - 0 runs, 1 hit, 0 errors, 1 left on base; Grim 1 - Myrtle Beach 3
TOP OF THE 6TH
Grim Reapers batting - Pitching for Myrtle Beach Seahawks : RHP Leon Alfons
Batting: SHB Tekkan Hayagawa 0-0: Ball
1-0: Called Strike
1-1: Foul Ball, location: 2F
1-2: Foul Ball, location: 2F
1-2: SINGLE (Groundball, 34D)
Batting: RHB Bearooz Yacoobi 0-0: Ball
1-0: DOUBLE (Line Drive, 7LS)
Tekkan Hayagawa to third
Batting: LHB Semo Hoaloha 0-0: Called Strike
0-1: Ball
1-1: Called Strike
1-2: Foul Ball, location: 2F
1-2: Ball
2-2: Ball
3-2: Foul Ball, location: 2F
3-2: Base on Balls
Pitching: RHP Bailey Achurch
Batting: RHB Jaxton Goleta 0-0: Foul Ball, location: 2F
0-1: Hit by Pitch
Tekkan Hayagawa scores
Bearooz Yacoobi to third
Semo Hoaloha to second
Batting: SHB Takechi Yamashita 0-0: Fly out, F7 (Flyball, 7LS)
Batting: RHB Joe Rodgers 0-0: Ball
1-0: Ball
2-0: Called Strike
2-1: Ball
3-1: Called Strike
3-2: Strikes out looking
Batting: RHB Chi-eun Mun 0-0: Ball
1-0: Fielders Choice at 2nd, 6-4 (Groundball, 6)
Top of the 6th over - 1 run, 2 hits, 0 errors, 3 left on base; Grim 2 - Myrtle Beach 3
BOTTOM OF THE 6TH
Myrtle Beach Seahawks batting - Pitching for Grim Reapers : RHP Al Turner
Batting: LHB Gregory Clement 0-0: Foul Ball, location: 2F
0-1: SINGLE (Line Drive, 56D)
Batting: RHB César Salvatierra 0-0: Ball
1-0: Called Strike
1-1: Called Strike
1-2: Foul Ball, location: 2F
1-2: Ball
2-2: Ball
Wild Pitch!
Gregory Clement to second
3-2: Reached on error, E6 (Groundball, 6)
Gregory Clement scores
Pitching: RHP Troy Moore
Batting: RHB Miguel Rey 0-0: Called Strike
0-1: Ground out 5-3 (Groundball, 56)
Batting: RHB Miguel Pacheco 0-0: Ball
1-0: Swinging Strike
1-1: Ball
2-1: Called Strike
César Salvatierra steals 3rd base
2-2: Ground out 6-3 (Groundball, 6)
Batting: RHB Kamaaluddeen Kohli 0-0: Ball
1-0: SINGLE (Line Drive, 56D)
César Salvatierra scores
Batting: LHB Sandro Goro 0-0: SINGLE (Groundball, 6MD)
Kamaaluddeen Kohli to second
Batting: RHB Lucas Gallant 0-0: Foul Ball, location: 2F
0-1: Ball
1-1: Ground out 1-3 (Groundball, 13S)
Bottom of the 6th over - 2 runs, 3 hits, 1 error, 2 left on base; Grim 2 - Myrtle Beach 5
TOP OF THE 7TH
Grim Reapers batting - Pitching for Myrtle Beach Seahawks : RHP Bailey Achurch
Batting: RHB Marvin Strickland 0-0: Foul Ball, location: 2F
0-1: Foul Ball, location: 2F
0-2: Ball
1-2: Foul Ball, location: 2F
1-2: Ball
2-2: Ball
3-2: Base on Balls
Batting: RHB Tsuneari Hirano 0-0: Foul Ball, location: 2F
0-1: Foul Ball, location: 2F
0-2: Foul Ball, location: 2F
0-2: Ball
1-2: Ball
2-2: Ball
3-2: DOUBLE (Line Drive, 8RD)
Marvin Strickland to third
Batting: SHB Tekkan Hayagawa 0-0: Ball
1-0: Ball
2-0: Foul Ball, location: 2F
2-1: Foul Ball, location: 2F
2-2: Foul Ball, location: 2F
2-2: Strikes out looking
Batting: RHB Bearooz Yacoobi 0-0: Ball
1-0: Called Strike
1-1: Ball
2-1: Fly out, F9 (Line Drive, 9S)
Runner from 3rd tags up, SCORES, no throw
Batting: LHB Semo Hoaloha 0-0: Ball
1-0: Foul Ball, location: 2F
1-1: Swinging Strike
1-2: Ball
2-2: Strikes out swinging
Top of the 7th over - 1 run, 1 hit, 0 errors, 1 left on base; Grim 3 - Myrtle Beach 5
BOTTOM OF THE 7TH
Myrtle Beach Seahawks batting - Pitching for Grim Reapers : RHP Troy Moore
Batting: RHB Al Ellis 0-0: Ball
1-0: Foul Ball, location: 2F
1-1: Called Strike
1-2: Foul Ball, location: 2F
1-2: Ball
2-2: Ball
3-2: Foul Ball, location: 2F
3-2: Ground out 4-3 (Groundball, 4MD)
Batting: LHB Anastasio Flores 0-0: Foul Ball, location: 2F
0-1: Called Strike
0-2: Hit by Pitch
Batting: LHB Gregory Clement 0-0: Ball
1-0: Ball
2-0: Ball
3-0: Base on Balls
Anastasio Flores to second
Batting: RHB César Salvatierra 0-0: Ball
1-0: Ball
2-0: Foul Ball, location: 2F
2-1: Foul Ball, location: 2F
2-2: Foul Ball, location: 2F
2-2: Fielders Choice at 2nd, 6-4 (Groundball, 6)
Anastasio Flores to third
Batting: RHB Miguel Rey 0-0: Ball
1-0: Foul Ball, location: 2F
1-1: Swinging Strike
1-2: Foul Ball, location: 2F
1-2: Hit by Pitch
César Salvatierra to second
Pinch Hitting: LHB Roberts Hamhock 0-0: Called Strike
0-1: Fly out, F8 (Flyball, 8RXD)
Bottom of the 7th over - 0 runs, 0 hits, 0 errors, 3 left on base; Grim 3 - Myrtle Beach 5
TOP OF THE 8TH
Grim Reapers batting - Pitching for Myrtle Beach Seahawks : RHP Bailey Achurch
Pitching: RHP Francisco Deleón
Now at 1B: Roberts Hamhock
Batting: RHB Jaxton Goleta 0-0: Called Strike
0-1: Swinging Strike
0-2: Ground out 6-3 (Groundball, 56)
Batting: SHB Takechi Yamashita 0-0: Called Strike
0-1: Ball
1-1: Ball
2-1: Swinging Strike
2-2: Strikes out swinging
Batting: RHB Joe Rodgers 0-0: Ground out 1-3 (Groundball, 15S)
Top of the 8th over - 0 runs, 0 hits, 0 errors, 0 left on base; Grim 3 - Myrtle Beach 5
BOTTOM OF THE 8TH
Myrtle Beach Seahawks batting - Pitching for Grim Reapers : RHP Troy Moore
Batting: RHB Kamaaluddeen Kohli 0-0: Ball
1-0: Swinging Strike
1-1: Fly out, F7 (Flyball, 78S)
Batting: LHB Sandro Goro 0-0: Ball
1-0: Ball
2-0: Foul Ball, location: 2F
2-1: SINGLE (Line Drive, 8LS)
Batting: RHB Lucas Gallant 0-0: Ball
1-0: Foul Ball, location: 2F
1-1: Foul Ball, location: 2F
1-2: Grounds into double play, 5-4-3 (Groundball, 5L)
Bottom of the 8th over - 0 runs, 1 hit, 0 errors, 0 left on base; Grim 3 - Myrtle Beach 5
TOP OF THE 9TH
Grim Reapers batting - Pitching for Myrtle Beach Seahawks : RHP Francisco Deleón
Batting: RHB Chi-eun Mun 0-0: Ball
1-0: Ball
2-0: SINGLE (Groundball, 56D)
Batting: RHB Marvin Strickland 0-0: Ball
1-0: Ball
2-0: Called Strike
2-1: Ball
3-1: Foul Ball, location: 2F
3-2: Strikes out swinging
Pinch Hitting: SHB John Wilder 0-0: Called Strike
0-1: Swinging Strike
0-2: Ball
1-2: Ball
2-2: Ball
3-2: Strikes out swinging
Pinch Hitting: RHB Nelson Ross 0-0: Ball
1-0: Ball
2-0: Ball
3-0: Base on Balls
Chi-eun Mun to second
Batting: RHB Bearooz Yacoobi 0-0: Called Strike
0-1: Ball
1-1: Swinging Strike
1-2: Strikes out looking
Top of the 9th over - 0 runs, 1 hit, 0 errors, 2 left on base; Grim 3 - Myrtle Beach 5
Friday, March 29th, 2019 - OOTP Baseball 18.8 Build 76